 Dungeon Crawl Stone Soup version 0.30-a0-859-gf88a04b62d (webtiles) character file.

Game seed: 16638998896588638149

539948 IndexError the Warrior (level 26, -7/152 (156) HPs)
             Began as a Gargoyle Hunter on Mar 6, 2023.
             Was the Champion of Hepliaklqana.
             Blown up by a lich (100 damage)
             ... with an orb of destruction
             ... on level 5 of the Vaults.
             The game lasted 04:23:26 (69353 turns).

IndexError the Warrior (Gargoyle Hunter)           Turns: 69353, Time: 04:23:27

HP:   -7/152 (156)  AC: 51    Str: 16    XL:     26   Next: 51%
MP:   39/39         EV: 18    Int: 16    God:    Hepliaklqana [******]
Gold: 2814          SH: 24    Dex: 18    Spells: 12/49 levels left

rFire   + . .      SeeInvis +    a - +3 greatsling "Punk" {acid, rCorr}
rCold   + . .      Faith    .    h - +5 kite shield
rNeg    + . .      Spirit   .    K - +6 faerie dragon scales {rElec rPois rC+ rCorr}
rPois   ∞          Reflect  +    R - +0 mask of the Dragon {Will+ Slay+3 SInv}
rElec   +          Rampage  .    N - +2 cloak {Will+}
rCorr   +                        H - +2 pair of gloves "Adily" {+Inv rF+}
Will    ++++.                    y - +2 pair of boots
Stlth   +++++                    Q - amulet of reflection
HPRegen 0.00/turn                Y - +4 ring of slaying
MPRegen 0.26/turn                E - +4 ring of slaying

@: flying, inhibited regen, studying Throwing, lightly drained
A: reduced essence, sickness immunity, AC +20, big wings, negative energy
resistance 1, electricity resistance, torment resistance 1, petrification
resistance, iridescent scales 1, clever 1, clumsy 1, strong-willed 1, inhibited
regeneration
}: 2/15 runes: barnacled, gossamer
a: Renounce Religion, Evoke Invisibility, Recall Ancestor, Ancestor Identity,
Transference, Idealise


You were on level 5 of the Vaults.
You worshipped Hepliaklqana.
Hepliaklqana was exalted by your worship.
You visited 12 branches of the dungeon, and saw 48 of its levels.
You visited 2 bazaars.
You also visited: Gauntlet, Ice Cave, Volcano and Desolation.

You collected 8273 gold pieces.
You spent 5459 gold pieces at shops.

Inventory:

Hand Weapons
 a - the +3 greatsling "Punk" (weapon) {acid, rCorr}
   (You found it on level 2 of the Crypt)

   rCorr:     It protects you from acid and corrosion.
 b - a +7 hand crossbow of flaming
   (You found it in a volcano)
Armour
 h - a +5 kite shield (worn)
   (You found it on level 4 of the Vaults)
 y - a +2 pair of boots (worn)
   (You found it on level 4 of the Dungeon)
 H - the +2 pair of gloves "Adily" (worn) {+Inv rF+}
   (You acquired it on level 2 of the Crypt)

   rF:        It protects you from fire.
   +Inv:      It lets you turn invisible.
 K - the +6 faerie dragon scales (worn) {rElec rPois rC+ rCorr}
   (You took it off the Enchantress on level 1 of the Depths)

   rC:        It protects you from cold.
   rElec:     It insulates you from electricity.
   rPois:     It protects you from poison.
   rCorr:     It protects you from acid and corrosion.
 N - a +2 cloak of willpower (worn)
   (You took it off Maurice on level 11 of the Dungeon)
 R - the +0 mask of the Dragon (worn) {Will+ Slay+3 SInv}
   (You found it in the Desolation of Salt)

   Slay:      It affects your accuracy & damage with ranged weapons and melee
   (+3).
   SInv:      It lets you see invisible.
   Will:      It increases your willpower.
Jewellery
 E - a +4 ring of slaying (right hand)
   (You found it on level 6 of the Dungeon)
 Q - an amulet of reflection (around neck)
   (You found it on level 12 of the Dungeon)
 U - the ring of Kiril {Wiz rF++ Dex+3}
   (You bought it in a shop in a bazaar)

   [ring of wizardry]

   It improves your spell success rate.
   Dex:       It affects your dexterity (+3).
   rF:        It greatly protects you from fire.
 W - the ring "Zovokk" {rPois rC+ Int+3}
   (You took it off an ironbound convoker in the Desolation of Salt)

   [ring of poison resistance]

   Int:       It affects your intelligence (+3).
   rC:        It protects you from cold.
   rPois:     It protects you from poison.
 X - the ring of the Scorching Enemy {+Blink EV+5 Int+4}
   (You found it in the Desolation of Salt)

   [ring of evasion]

   EV:        It affects your evasion (+5).
   Int:       It affects your intelligence (+4).
   +Blink:    It lets you blink.
 Y - a +4 ring of slaying (left hand)
   (You found it on level 4 of the Depths)
Wands
 e - a wand of mindburst (11)
   (You found it on level 4 of the Lair of Beasts)
 q - a wand of iceblast (21)
   (You found it in a volcano)
 B - a wand of paralysis (22)
   (You found it on level 6 of the Dungeon)
 P - a wand of digging (20)
   (You found it on level 12 of the Dungeon)
 S - a wand of polymorph (23)
   (You found it on level 15 of the Dungeon)
 V - a wand of acid (14)
   (You found it on level 1 of the Lair of Beasts)
Scrolls
 c - 23 scrolls of identify
 d - a scroll of summoning
 f - 8 scrolls of poison
 g - 29 scrolls of teleportation
 t - 9 scrolls of fear
 v - 7 scrolls of immolation {!r}
 w - 2 scrolls of enchant armour
 C - 4 scrolls of silence
 F - 8 scrolls of fog
 G - 6 scrolls of vulnerability {!r!r}
 I - a scroll of brand weapon
 J - 4 scrolls of magic mapping {!r}
 L - 5 scrolls of blinking {!r}
 M - 7 scrolls of amnesia
Potions
 i - 7 potions of ambrosia
 k - 9 potions of brilliance
 l - 7 potions of invisibility
 m - 6 potions of mutation {!q}
 n - 7 potions of attraction {!q}
 p - 9 potions of cancellation
 s - 8 potions of lignification {!q}
 u - 24 potions of curing
 z - 7 potions of heal wounds
 A - 6 potions of might
 D - 6 potions of magic
 Z - 4 potions of haste
Miscellaneous
 j - a condenser vane
   (You found it in the Desolation of Salt)
 o - a lightning rod (4/4)
   (You found it on level 5 of the Lair of Beasts)
 r - a box of beasts
   (You found it on level 4 of the Shoals)
 x - the horn of Geryon
   (You took it off Geryon in the Vestibule of Hell)
 O - a phial of floods
   (You found it on level 12 of the Dungeon)
 T - a phantom mirror
   (You found it on level 2 of the Crypt)


   Skills:
 - Level 20.0 Fighting
 - Level 20.0 Ranged Weapons
 - Level 10.5 Throwing
 - Level 20.0 Armour
 - Level 13.0 Dodging
 - Level 13.2 Stealth
 - Level 15.0 Shields
 - Level 12.0 Spellcasting
 - Level 6.0 Hexes
 + Level 6.3 Necromancy
 - Level 10.0 Translocations
 - Level 6.0 Transmutations
 - Level 6.0 Ice Magic
 - Level 12.0 Earth Magic
 - Level 13.3 Invocations
 - Level 13.0 Evocations


You had 12 spell levels left.
You knew the following spells:

 Your Spells              Type           Power      Damage    Failure   Level
a - Petrify               Tmut/Erth      38%        N/A       3%          4
b - Blink                 Tloc           82%        N/A       1%          2
c - Passage of Golubria   Tloc           41%        N/A       2%          4
d - Lesser Beckoning      Tloc           82%        N/A       1%          2
e - Gell's Gravitas       Tloc           41%        N/A       1%          3
f - Teleport Other        Tloc           41%        N/A       1%          3
g - Frozen Ramparts       Ice            56%        1d9       4%          3
h - Borgnjor's Vile Clut  Necr/Erth      19%        N/A       10%         5
i - Portal Projectile     Hex/Tloc       70%        N/A       1%          3
z - Lee's Rapid Deconstr  Erth           24%        3d13*     3%          5
A - Ozocubu's Armour      Ice            28%        N/A       4%          3

Your spell library contained the following spells:

 Spells                   Type           Power      Damage    Failure   Level
 Beastly Appendage        Tmut           56%        N/A       1%          1
 Freeze                   Ice            100%       1d10      1%          1
 Slow                     Hex            100%       N/A       1%          1
 Wereblood                Tmut           28%        N/A       1%          2
 Manifold Assault         Tloc           41%        N/A       2%          4
 Momentum Strike          Conj/Tloc      50%        3d9       3%          2
 Vampiric Draining        Necr           29%        2d8       3%          3
 Leda's Liquefaction      Hex/Erth       19%        N/A       3%          4
 Kiss of Death            Conj/Necr      76%        2d11      4%          1
 Confusing Touch          Hex            28%        N/A       4%          3
 Stone Arrow              Conj/Erth      56%        3d10      4%          3
 Tukima's Dance           Hex            28%        N/A       4%          3
 Vhi's Electric Charge    Tloc/Air       50%        N/A       6%          3
 Kindle Blastsparks       Fire/Tloc/Air  40%        2d13      12%         3
 Animate Dead             Necr           29%        N/A       12%         4
 Dispel Undead            Necr           29%        3d13      12%         4
 Animate Armour           Summ/Erth      56%        N/A       13%         4
 Cause Fear               Hex            14%        N/A       13%         4
 Ice Form                 Ice/Tmut       28%        N/A       13%         4
 Hailstorm                Conj/Ice       19%        3d6       14%         3
 Spider Form              Tmut/Pois      19%        N/A       14%         3
 Foxfire                  Conj/Fire      36%        2x1d5     16%         1
 Magic Dart               Conj           36%        1d4       16%         1
 Shock                    Conj/Air       36%        1d5       16%         1
 Ignite Poison            Fire/Tmut/Pois 16%        N/A       21%         3
 Iskenderun's Mystic Bla  Conj/Tloc      25%        2d7       21%         4
 Call Imp                 Summ           9%         N/A       24%         2
 Poisonous Vapours        Pois/Air       18%        N/A       24%         2
 Scorch                   Fire           18%        2d6       24%         2
 Searing Ray              Conj           18%        2d5       24%         2
 Agony                    Necr           29%        N/A       32%         5
 Blade Hands              Tmut           14%        N/A       36%         5
 Metabolic Englaciation   Hex/Ice        14%        N/A       36%         5
 Yara's Violent Unravell  Hex/Tmut       14%        3d7       36%         5
 Dispersal                Tloc           20%        N/A       36%         6
 Fulminant Prism          Conj/Hex       9%         3d7       41%         4
 Call Canine Familiar     Summ           9%         N/A       43%         3
 Mephitic Cloud           Conj/Pois/Air  9%         N/A       43%         3
 Swiftness                Air            9%         N/A       43%         3
 Summon Forest            Summ/Tloc      12%        N/A       50%         5
 Irradiate                Conj/Tmut      9%         3d14      77%         5
 Silence                  Hex/Air        9%         N/A       77%         5
 Summon Mana Viper        Hex/Summ       19%        N/A       77%         5
 Airstrike                Air            4%         2d(1-17)  83%         4
 Flame Wave               Conj/Fire      9%         2d6       83%         4
 Olgreb's Toxic Radiance  Pois           9%         N/A       83%         4
 Sticky Flame             Conj/Fire      9%         2d3       83%         4
 Summon Lightning Spire   Summ/Air       9%         N/A       83%         4
 Death Channel            Necr           14%        N/A       87%         6
 Freezing Cloud           Conj/Ice/Air   8%         6-21      88%         5
 Simulacrum               Ice/Necr       14%        N/A       88%         6
 Arcjolt                  Conj/Air       4%         1d14      99%         5
 Fireball                 Conj/Fire      4%         3d4       99%         5
 Lightning Bolt           Conj/Air       4%         1d16      99%         5
 Starburst                Conj/Fire      4%         6d4       100%        6
 Summon Cactus Giant      Summ           4%         N/A       100%        6
 Dragon Form              Tmut           14%        N/A       100%        7
 Malign Gateway           Summ/Tloc      12%        N/A       100%        7
 Ozocubu's Refrigeration  Ice            14%        4d10      100%        7
 Storm Form               Tmut/Air       9%         N/A       100%        7
 Summon Hydra             Summ           4%         N/A       100%        7
 Borgnjor's Revivificati  Necr           14%        N/A       100%        8
 Disjunction              Tloc           20%        N/A       100%        8
 Ignition                 Fire           4%         3d4       100%        8
 Lehudib's Crystal Spear  Conj/Erth      14%        10d5      100%        8
 Maxwell's Capacitive Co  Air            4%         ∞         100%        8
 Necromutation            Tmut/Necr      14%        N/A       100%        8
 Summon Horrible Things   Summ           4%         N/A       100%        8
 Chain Lightning          Conj/Air       4%         3d6       100%        9
 Death's Door             Necr           14%        N/A       100%        9
 Dragon's Call            Summ           4%         N/A       100%        9
 Fire Storm               Conj/Fire      4%         8d1       100%        9
 Polar Vortex             Ice            14%        N/A       100%        9
 Shatter                  Erth           24%        3d21*     100%        9
 Sublimation of Blood     Necr           Unusable   N/A       N/A         2
 Cigotuvi's Dreadful Rot  Necr/Pois/Air  Unusable   N/A       N/A         2
 Statue Form              Tmut/Erth      Unusable   N/A       N/A         6

Dungeon Overview and Level Annotations

Branches:
Dungeon (15/15)            Temple (1/1) D:5            Lair (5/5) D:9
 Shoals (4/4) Lair:2       Spider (4/4) Lair:3        Slime (1/5) Lair:5
    Orc (2/2) D:9             Elf (3/3) Orc:2        Vaults (5/5) D:14
  Crypt (3/3) Vaults:2       Tomb (0/3) Crypt:3      Depths (4/4) D:15
   Hell (visited)             Dis (0/7) Hell            Geh (0/7) Hell
    Coc (0/7) Hell            Tar (0/7) Hell            Zot (0/5) Depths:4
  IceCv (visited)         Volcano (visited)         Desolation (visited)
Gauntlet (visited)

Altars:
Ashenzari
Cheibriados
Dithmenos
Elyvilon
Fedhas
Gozag
Hepliaklqana
Kikubaaqudgha
Makhleb
Nemelex Xobeh
Okawaru
Qazlal
Ru
Sif Muna
Trog
Uskayaw
Vehumet
Wu Jian
Xom
Yredelemnul
Zin
The Shining One
Lugonu

Shops:
D:9 [   D:10 *   Orc:1 [   Orc:2 :?(!   Vaults:1 :   Vaults:3 :[(*   Vaults:4 [
Depths:4 ((?*?

Portals:
Hell: Depths:1 Depths:2 Depths:3 Depths:4
Abyss: Depths:3 Depths:4
Pandemonium: Depths:2
Ziggurat: Depths:4
Trove: Elf:1 (give dagger of Morol)

Annotations:
Elf:2 1 runed translucent door
Depths:1 2 transporters, Perukkom's ghost, veteran DjFE


Innate Abilities, Weirdness & Mutations

Your life essence is reduced to manifest your ancestor. (-10% HP)
You are immune to sickness and miasma.
Your stone body is resilient. (AC +20)
You are immune to poison.
Your large and strong wings let you fly.
You resist negative energy. (rN+)
You are resistant to electric shocks. (rElec)
You are resistant to unholy torment.
You are immune to petrification.
You are partially covered in iridescent scales. (AC +2)
Your mind is acute. (Int +4, Str/Dex -1)
You are clumsy. (Dex -2)
You are strong-willed. (Will+)
You do not regenerate when monsters are visible.


Message History

The sling bullet closely misses the shadow dragon.
The deep elf high priest shoots an arrow.
The arrow hits Esmond.
The vault warden activates a sealing rune.
A door slams shut!
You shoot a sling bullet.
The sling bullet hits the shadow dragon.
The shadow dragon is splashed with acid.
The shadow dragon seems to be corroded for longer.
The deep elf high priest shoots an arrow.
The arrow hits Esmond!
You block the shadow dragon's attack. x2
The shadow dragon claws you!
You take 9 damage, and have 124/152 hp.
You shoot a sling bullet.
The sling bullet hits the shadow dragon!
The shadow dragon is splashed with acid.
The shadow dragon seems to be corroded for longer.
Esmond hits the deep elf high priest with a +0 broad axe of speed.
The deep elf high priest shoots an arrow.
The arrow hits Esmond.
The shadow dragon breathes negative energy at you.
The bolt of negative energy hits you! You partially resist.
You feel drained.
You take 13 damage, and have 111/148 hp.
You shoot a sling bullet.
The sling bullet hits the shadow dragon!
The shadow dragon is splashed with acid.
The shadow dragon seems to be corroded for longer.
Esmond hits the deep elf high priest with a +0 broad axe of speed.
The deep elf high priest invokes the aid of its god against you.
Something smites you!
Esmond closely misses the deep elf high priest.
You take 14 damage, and have 97/148 hp.
You shoot a sling bullet.
The sling bullet hits the shadow dragon.
The shadow dragon is splashed with acid!
The shadow dragon seems to be corroded for longer.
The shadow dragon breathes negative energy at you.
The bolt of negative energy hits you. You partially resist.
You feel drained.
Esmond hits the deep elf high priest with a +0 broad axe of speed!
You take 1 damage, and have 96/147 hp.
You shoot a sling bullet.
The sling bullet barely misses the shadow dragon.
The deep elf high priest shoots an arrow.
The arrow barely misses Esmond.
The arrow hits you but does no damage. The shadow dragon bites you.
You block the shadow dragon's attack. x2
Esmond hits the deep elf high priest with a +0 broad axe of speed!
You take 3 damage, and have 93/147 hp.
You shoot a sling bullet.
The sling bullet hits the shadow dragon!
The shadow dragon is splashed with acid.
Esmond hits the deep elf high priest with a +0 broad axe of speed!
A lich comes into view.
The shadow dragon bites you but does no damage.
You block the shadow dragon's attack.
The shadow dragon claws you but does no damage.
Your Necromancy skill increases to level 6!
You shoot a sling bullet.
The sling bullet closely misses the shadow dragon.
The shadow dragon breathes negative energy at you.
The bolt of negative energy misses you. You block the vault warden's attack.
You shoot a sling bullet.
The sling bullet hits the shadow dragon!!
The shadow dragon is splashed with acid.
The shadow dragon scales are intact enough to wear.
You shoot a sling bullet.
The sling bullet hits the vault warden!!
The vault warden is splashed with acid.
The vault warden hits you but does no damage.
The lich casts a spell.
The lich flickers and vanishes for a moment.
You shoot a sling bullet. The sling bullet hits the vault warden!
The vault warden is splashed with acid.
The runic seals fade away.
Esmond hits the lich but does no damage.
The lich mumbles some strange words.
The lich seems to speed up.
You block the vault warden's attack.
Esmond hits the lich with a +0 broad axe of speed!
You hear a shout!
You shoot a sling bullet. The sling bullet hits the vault warden!
The vault warden is splashed with acid!
The acid corrodes the vault warden!
The vault warden activates a sealing rune.
Esmond hits the lich with a +0 broad axe of speed!
You shoot a sling bullet. The sling bullet hits the vault warden!
The runic seals fade away.
The lich gestures at you while chanting.
You resist with almost no effort.
Esmond hits the lich with a +0 broad axe of speed!!
An ironbound preserver comes into view. It is wielding a +0 mace.
You shoot a sling bullet. The sling bullet hits the lich!
The lich is splashed with acid.
The lich conjures a glowing orb.
An orb of destruction comes into view.
You shoot a sling bullet. The sling bullet hits the lich!!
You shoot a sling bullet.
The sling bullet hits the ironbound preserver!
The ironbound preserver is splashed with acid.
The acid corrodes the ironbound preserver!
Esmond hits the ironbound preserver with a +0 broad axe of speed!!
Esmond misses the deep elf annihilator.
The orb of destruction hits you!!!!
Ouch! That really hurt!
You die...

#....# # #....#
#. #....# # +..
#....# .#.
.+##....#....
#....[......
####...(....###
.......@<......
......<○○<.....
.......<<○..p.e
..........°..R.
####..........#
............
!#.#.........
.#.##.......).


You could see the friendly Esmond the knight (fast, reflecting), an ironbound
preserver (distracted, corroded, ally target) and a deep elf annihilator.

Vanquished Creatures
  2 dread liches
  An ancient lich (Crypt:3)
  Mennas (Depths:4)
  Josephina (Crypt:2)
  Boris (Vaults:2)
  Vv (Depths:3)
  Bai Suzhen (Crypt:1)
  A caustic shrike (Depths:3)
  3 golden dragons
  Nikola (Spider:2)
  Arachne (Spider:4)
  A shard shrike zombie (Crypt:3)
  4 tentacled monstrosities
  2 liches
  Rupert (Lair:3)
  A walking crystal tome (Depths:3)
  A deep elf master archer (Elf:3)
  Mlioglotl (Spider:1)
  A deep elf blademaster (Elf:3)
  A walking earthen tome (Depths:2)
  4 krakens
  A quicksilver dragon (shapeshifter) (Vaults:1)
  Zenata (Crypt:2)
  3 searing wretches (Depths:4)
  2 titans
  An acid blob (Slime:1)
  2 ancient champions
  Frances (Spider:2)
  5 sphinxes
  Agnes (Spider:3)
  2 shadow dragons
  7 tengu reavers
  Donald (Orc:2)
  A rockslime (Lair:5)
  2 revenants
  3 deep elf sorcerers
  2 fire giants
  2 iron dragons (Depths:4)
  3 emperor scorpions (Spider:4)
  6 frost giants
  2 imperial myrmidons (Desolation)
  A balrug (Depths:4)
  7 vault wardens
  2 ghost moths (Spider:4)
  An orc warlord (D:9)
  A draconian scorcher (Depths:4)
  7 ghouls
  A draconian shifter (Depths:3)
  A deep elf elementalist (Elf:3)
  A ghost moth (shapeshifter) (Vaults:4)
  3 curse skulls
  A juggernaut zombie (Depths:3)
  5 ironbound thunderhulks
  17 stone giants
  A reaper (Hell)
  9 ironbound preservers
  A draconian annihilator (Crypt:2)
  14 very ugly things
  3 war gargoyles
  3 broodmothers
  8 vampire knights
  6 spriggan defenders
  A juggernaut skeleton (Depths:3)
  4 deep elf demonologists
  2 putrid mouths
  2 halazid warlocks (Desolation)
  3 deep elf annihilators
  A purple draconian (Depths:4)
  7 dire elephants
  A lorocyproca (Depths:4)
  2 eidola
  A minotaur (Gauntlet)
  2 red draconians
  9 spark wasps
  A green death (Depths:2)
  8 ettins
  3 blizzard demons (Depths:4)
  7 crystal guardians
  6 jiangshi
  2 merfolk javelineers
  8 fire dragons
  2 entropy weavers
  2 deep elf death magi
  2 merfolk impalers
  2 spriggan zombies
  3 ragged hierophants (Desolation)
  7 deep elf high priests
  5 great orbs of eyes
  3 rakshasas (Depths:2)
  3 servants of whispers (Desolation)
  3 caustic shrike simulacra (IceCv)
  3 hydras
  4 yaktaur captains
  Erolcha (Orc:2)
  6 spriggan air magi
  11 ice dragons
  8 peacekeepers
  Erica (Orc:1)
  3 ironbound frosthearts
  21 vault guards
  A jorogumo (Spider:3)
  3 ogre magi
  3 merfolk avatars (Shoals:4)
  8 centaur warriors
  3 death knights
  A radroach (Spider:3)
  4 merfolk aquamancers
  3 boulder beetles
  4 tengu warriors
  A fenstrider witch skeleton (Crypt:3)
  18 dancing weapons
  7 hell hogs
  6 deep troll shamans
  3 satyrs
  5 two-headed ogres
  An alligator snapping turtle (Shoals:1)
  10 deep troll earth magi
  An orc high priest (Elf:3)
  2 skysharks
  6 vampire magi
  5 sun demons
  2 hell knights (Depths:3)
  A skyshark (shapeshifter) (Vaults:1)
  Nergalle (Orc:2)
  4 spriggan berserkers
  A wretched star (Gauntlet)
  5 iron trolls
  2 pharaoh ants
  12 deep elf knights
  A storm dragon skeleton (Vaults:4)
  A fire crab (Gauntlet)
  A sun moth (Spider:3)
  A shadow wraith (Crypt:2)
  10 sea snakes
  8 soul eaters
  6 skeletal warriors
  38 deep trolls
  An orb spider (Spider:4)
  An orange crystal statue (IceCv)
  3 bog bodies
  6 glowing orange brains
  7 deep elf archers
  4 flayed ghosts
  An obsidian statue (Crypt:3)
  A ghost moth zombie (Crypt:3)
  3 spriggan simulacra
  A tengu zombie (Vaults:3)
  2 lindwurms (Vaults:1)
  19 deep elf pyromancers
  12 ironbound convokers
  8 orc knights
  6 wizards
  7 phantasmal warriors
  6 necromancers
  An iron dragon zombie (Depths:3)
  29 deep elf zephyrmancers
  6 steelbarb worms
  23 harpies
  2 shining eyes
  A human zombie (Vaults:4)
  2 sphinx zombies (D:15)
  10 orc sorcerers
  25 ugly things
  2 oklob plants (Lair:5)
  18 wolf spiders
  14 manticores
  6 fauns
  3 cyclopes
  A frost giant zombie (D:15)
  A guardian serpent (Desolation)
  A fire giant zombie (Depths:1)
  7 merfolk sirens
  Maurice (D:11)
  7 elephants (Lair:5)
  7 vault sentinels
  3 black mambas
  A smoke demon (Depths:1)
  5 water nymphs
  10 demonic crawlers
  7 rust devils
  10 cane toads
  A molten gargoyle (Volcano)
  Psyche (D:9)
  A guardian serpent (shapeshifter) (Vaults:1)
  An orange demon (Depths:2)
  5 torpor snails
  Maggie (Lair:2)
  3 rime drakes
  4 efreet
  A red draconian zombie (Crypt:2)
  7 komodo dragons
  18 yaktaurs
  A kobold demonologist (Crypt:2)
  2 tengu conjurers
  A sea snake zombie (Crypt:2)
  5 ice devils
  7 freezing wraiths
  A green draconian skeleton (Crypt:1)
  2 polar bears
  7 merfolk
  2 tormentors (D:13)
  8 trolls
  A silent spectre (Crypt:2)
  A red devil (Hell)
  A hellwing (Depths:2)
  A troll (shapeshifter) (Elf:3)
  6 meliai
  A harpy zombie (Crypt:3)
  A wind drake (shapeshifter) (Depths:3)
  A guardian serpent zombie (Crypt:1)
  11 wind drakes
  A hornet (shapeshifter) (D:13)
  19 blink frogs
  40 saltlings (Desolation)
  An ettin zombie (Depths:1)
  A harpy skeleton (Crypt:3)
  A great orb of eyes zombie (Crypt:3)
  13 tarantellas
  Prince Ribbit (D:8)
  A shadow dragon simulacrum (Depths:3)
  3 hornets
  9 snapping turtles
  10 dream sheep
  A blink frog (shapeshifter) (D:14)
  A stone giant simulacrum (Crypt:3)
  A culicivora (shapeshifter) (D:15)
  2 flying skulls
  35 jumping spiders
  22 slime creatures
  2 spriggans (Depths:2)
  3 air elementals
  A centaur simulacrum (Crypt:2)
  63 yaks
  18 water elementals
  21 culicivoras
  3 wyverns
  2 naga simulacra (Crypt:2)
  7 wraiths
  4 vampires (D:14)
  3 fire elementals
  4 dire elephant simulacra (IceCv)
  Grum (D:8)
  7 fire bats
  10 vampire mosquitoes
  16 humans
  6 basilisks
  52 redbacks
  Menkaure (D:6)
  2 small abominations (Gauntlet)
  2 glowing shapeshifter zombies
  A two-headed ogre zombie (Crypt:1)
  A swamp worm (shapeshifter) (Depths:4)
  A fire bat zombie (Crypt:2)
  2 wargs
  3 acid dragons
  A hydra simulacrum (IceCv)
  Duvessa (D:4)
  A demonspawn skeleton (Crypt:1)
  13 water moccasins
  A tengu skeleton (Depths:1)
  6 glowing shapeshifter skeletons
  3 deep troll skeletons (Crypt:1)
  18 orc warriors
  A sky beast (D:7)
  2 ice beasts (D:7)
  4 black bears
  4 alligator simulacra (IceCv)
  A swamp dragon zombie (Crypt:1)
  5 centaurs
  An ettin simulacrum (IceCv)
  3 boggarts (Vaults:1)
  A centaur (shapeshifter) (Depths:2)
  11 wolves
  5 ogres
  3 phantoms
  A hog skeleton (Crypt:1)
  2 kobold brigands
  A fire crab zombie (Crypt:2)
  2 necrophages
  A cyclops zombie (Crypt:1)
  A gnoll sergeant (D:7)
  11 bullfrogs
  3 earth elementals
  10 scorpions
  Dowan (D:4)
  A water moccasin zombie (Crypt:1)
  6 wights
  4 killer bees (D:8)
  A polar bear zombie (Crypt:3)
  A lindwurm simulacrum (IceCv)
  A raiju zombie (Crypt:3)
  2 spriggan skeletons
  2 electric eels (Lair:1)
  3 howler monkeys
  6 lava snakes (Volcano)
  2 jellies
  18 orc priests
  6 hounds
  Crazy Yiuf (D:3)
  2 sleepcaps
  A basilisk skeleton (Crypt:1)
  35 orc wizards
  3 iguanas
  Terence (D:3)
  6 hell rats
  A sky beast zombie (Crypt:1)
  9 gnolls
  12 adders
  6 river rats (Lair:5)
  2 white imps
  3 ufetubi (D:6)
  4 worms
  3 dart slugs
  53 orcs
  5 endoplasms
  5 giant cockroaches
  8 hobgoblins
  3 quokkas
  5 ball pythons
  9 bats
  18 frilled lizards
  9 goblins
  12 kobolds
  A quokka zombie (Crypt:2)
  4 rats
  3 fire vortices (Hell)
  11 tentacles
1719 creatures vanquished.

Vanquished Creatures (collateral kills)
  An ancient lich (Crypt:2)
  A curse toe (Crypt:2)
  Geryon (Hell)
  the Enchantress (Depths:1)
  3 golden dragons
  A tentacled monstrosity (Depths:3)
  6 liches
  A titan (Depths:3)
  2 deep elf blademasters
  A tainted leviathan (Hell)
  An acid blob (Slime:1)
  2 searing wretches (Depths:4)
  An ancient champion (Crypt:3)
  2 shadow dragons
  A sphinx (Depths:4)
  A tengu reaver (Depths:4)
  2 fire giants
  4 vault wardens
  2 balrugs
  4 deep elf sorcerers
  5 frost giants
  An emperor scorpion (Spider:4)
  2 ghost moths (Spider:4)
  2 orc warlords
  Louise (Elf:3)
  2 reapers (Hell)
  2 draconian shifters (Crypt:2)
  A juggernaut zombie (Crypt:1)
  A war gargoyle (Vaults:1)
  3 deep elf elementalists (Elf:3)
  A stone giant (shapeshifter) (Depths:2)
  5 ironbound preservers
  5 ghouls
  8 very ugly things
  A spriggan defender (Depths:4)
  6 stone giants
  2 curse skulls (Vaults:2)
  2 ironbound thunderhulks
  A broodmother (Spider:4)
  A vampire knight (Crypt:2)
  2 putrid mouths
  A red draconian (Depths:4)
  3 deep elf demonologists (Elf:3)
  2 dire elephants
  3 deep elf annihilators (Elf:3)
  2 purple draconians
  A yellow draconian (Depths:4)
  4 spark wasps
  3 eidola
  An ettin (Depths:2)
  2 ragged hierophants (Desolation)
  2 deep elf high priests
  4 fire dragons
  6 deep elf death magi
  A rakshasa (Depths:3)
  A yaktaur captain (Vaults:3)
  A spriggan zombie (D:15)
  3 merfolk impalers
  2 jiangshi (Crypt:2)
  An entropy weaver (Spider:2)
  A great orb of eyes (Vaults:4)
  13 vault guards
  3 peacekeepers (Desolation)
  A caustic shrike simulacrum (IceCv)
  2 merfolk avatars
  5 spriggan air magi
  A jorogumo (Spider:4)
  An alligator snapping turtle (Shoals:2)
  2 boulder beetles
  An ice dragon (Depths:2)
  An anaconda (shapeshifter) (Vaults:1)
  A merfolk aquamancer (Shoals:4)
  A death knight (D:13)
  A stoker (Depths:4)
  4 deep troll earth magi
  2 two-headed ogres (Volcano)
  A vampire mage (Vaults:2)
  A hell hog (Depths:4)
  A deep troll shaman (Crypt:1)
  8 dancing weapons
  2 spriggan berserkers (Depths:2)
  3 skysharks
  A tengu warrior (Gauntlet)
  3 deep elf knights
  A hell knight (Depths:3)
  5 soul eaters
  4 sun demons (Depths:4)
  4 iron trolls
  2 skeletal warriors
  24 deep trolls
  A sea snake (Shoals:2)
  A glowing orange brain (Depths:2)
  2 orb spiders (Spider:4)
  A bog body (Crypt:3)
  4 deep elf archers
  2 wizards
  5 harpies
  A bunyip skeleton (Crypt:3)
  2 phantasmal warriors
  10 ironbound convokers
  A lindwurm (Vaults:1)
  6 necromancers
  An orange crystal statue (IceCv)
  3 wolf spiders
  8 deep elf zephyrmancers
  6 deep elf pyromancers
  An anaconda skeleton (Crypt:3)
  A glowing orange brain (shapeshifter) (Vaults:4)
  A fire giant zombie (Depths:1)
  14 ugly things
  3 fauns
  A manticore (Shoals:3)
  A guardian serpent (shapeshifter) (D:12)
  A moth of wrath (Spider:4)
  2 merfolk sirens
  3 vault sentinels
  A rust devil (Depths:4)
  An eye of devastation (shapeshifter) (Vaults:1)
  A torpor snail (shapeshifter) (Vaults:1)
  2 demonic crawlers (Spider:1)
  3 guardian serpents (Desolation)
  2 molten gargoyles
  2 torpor snails
  An unseen horror (shapeshifter) (Depths:2)
  2 komodo dragons
  A rime drake (Lair:5)
  10 yaktaurs
  A tengu conjurer (Depths:2)
  2 freezing wraiths (IceCv)
  A red devil (Depths:2)
  An anaconda simulacrum (IceCv)
  A golden dragon simulacrum (Depths:3)
  A mana viper zombie (Crypt:2)
  A shadow dragon simulacrum (Depths:1)
  A wind drake (Shoals:4)
  3 merfolk
  16 saltlings (Desolation)
  A guardian serpent zombie (Crypt:2)
  A meliai zombie (Crypt:2)
  A boulder beetle zombie (Crypt:3)
  8 snapping turtles
  An iron dragon simulacrum (Depths:3)
  7 slime creatures
  5 flying skulls
  3 jumping spiders
  A wyvern (Lair:3)
  10 water elementals
  2 culicivoras
  A culicivora (shapeshifter) (Depths:3)
  A fire bat (Volcano)
  A wraith (Crypt:3)
  8 yaks
  A human (D:13)
  A vampire mosquito (D:15)
  12 redbacks
  A deep troll zombie (Crypt:1)
  An ogre skeleton (Vaults:3)
  A glowing shapeshifter zombie (Depths:3)
  A water moccasin (Lair:4)
  A boggart (Vaults:1)
  2 orc warriors
  An ogre (Orc:2)
  A wolf (Lair:5)
  An ettin simulacrum (IceCv)
  A wolf (shapeshifter) (Depths:3)
  A deep troll simulacrum (Crypt:1)
  A howler monkey (D:14)
  3 orc priests (Orc:1)
  2 orc wizards
  A hell rat (Depths:4)
  A gnoll (Orc:2)
  7 orcs
  A bat skeleton (Crypt:3)
464 creatures vanquished.

Vanquished Creatures (others)
  2 stone giants
  A spriggan air mage (Depths:3)
  A centaur warrior (Vaults:4)
  A rust devil (Hell)
  2 yaktaurs
  A red devil (Hell)
  A hornet (Spider:2)
  A tarantella (Spider:4)
  A human (Crypt:2)
  30 knights
  A hell rat (Hell)
  An ancestor (D:10)
  2 orcs
  62 fungi
  164 plants
  2 starspawn tentacles (Spider:1)
  39 tentacles
  5 toadstools (D:5)
  5 withered plants (D:15)
322 creatures vanquished.

Grand Total: 2505 creatures vanquished

Notes
Turn   | Place    | Note
-------+----------+-------------------------------------------
     0 | D:1      | IndexError the Gargoyle Hunter began the quest for the Orb.
     0 | D:1      | Reached XP level 1. HP: 12/12 MP: 1/1
    85 | D:1      | HP: 3/13 [quokka (4)]
   181 | D:1      | Reached XP level 2. HP: 18/18 MP: 2/2
   371 | D:1      | Reached XP level 3. HP: 22/22 MP: 3/3
   835 | D:2      | Reached skill level 3 in Fighting
   838 | D:2      | Reached skill level 5 in Ranged Weapons
  1038 | D:2      | Reached XP level 4. HP: 28/28 MP: 4/4
  1270 | D:2      | Identified the +10 sling of the Fray {flame, rC- Dex+5}
  1305 | D:2      | Found a faded altar of an unknown god.
  1593 | D:3      | Reached XP level 5. HP: 32/32 MP: 5/5
  1595 | D:3      | Found a basalt altar of Yredelemnul.
  1608 | D:3      | Found a blossoming altar of Fedhas.
  1614 | D:3      | Noticed Terence
  1761 | D:3      | Found a white marble altar of Elyvilon.
  1946 | D:3      | Killed Terence
  2013 | D:3      | Found a runed translucent door.
  2014 | D:3      | Noticed Crazy Yiuf
  2120 | D:3      | Reached skill level 6 in Ranged Weapons
  2122 | D:3      | Reached skill level 4 in Fighting
  2169 | D:3      | Found Xoweac's Vocational Training.
  2316 | D:3      | Killed Crazy Yiuf
  2317 | D:3      | Reached XP level 6. HP: 26/38 MP: 6/6
  2397 | D:4      | Noticed Duvessa
  2397 | D:4      | Noticed Dowan
  2404 | D:4      | Killed Dowan
  2408 | D:4      | Killed Duvessa
  2456 | D:4      | Reached skill level 7 in Ranged Weapons
  2456 | D:4      | Reached XP level 7. HP: 25/44 MP: 7/7
  2493 | D:4      | Reached skill level 5 in Fighting
  3063 | D:5      | Entered Level 5 of the Dungeon
  3139 | D:5      | Reached skill level 8 in Ranged Weapons
  3208 | D:5      | Reached XP level 8. HP: 51/51 MP: 8/8
  3216 | D:5      | Reached skill level 6 in Fighting
  3347 | D:5      | Found a staircase to the Ecumenical Temple.
  3357 | Temple   | Entered the Ecumenical Temple
  3834 | D:6      | Found a hazy altar of Hepliaklqana.
  3848 | D:6      | Became a worshipper of Hepliaklqana the Forgotten
  4015 | D:6      | Reached skill level 9 in Ranged Weapons
  4091 | D:6      | Got the Essays on Summoned Violence
  4105 | D:6      | Noticed Menkaure
  4109 | D:6      | Killed Menkaure
  4133 | D:6      | Reached skill level 7 in Fighting
  4606 | D:7      | Reached skill level 10 in Ranged Weapons
  4606 | D:7      | Reached XP level 9. HP: 57/57 MP: 9/9
  4763 | D:7      | Reached skill level 8 in Fighting
  4770 | D:7      | You fall into a shaft and drop 1 floor!
  4796 | D:8      | Noticed Grum
  4797 | D:8      | Noticed Prince Ribbit
  4801 | D:8      | Reached skill level 11 in Ranged Weapons
  4802 | D:8      | Killed Grum
  4812 | D:8      | Killed Prince Ribbit
  4887 | D:8      | Reached * piety under Hepliaklqana
  5163 | D:8      | Reached skill level 9 in Fighting
  5163 | D:8      | Reached XP level 10. HP: 59/59 MP: 10/10
  5202 | D:8      | Reached skill level 12 in Ranged Weapons
  5699 | D:9      | Reached skill level 10 in Fighting
  5699 | D:9      | Reached skill level 13 in Ranged Weapons
  5806 | D:9      | Noticed Psyche
  5815 | D:9      | Killed Psyche
  5847 | D:9      | Found a staircase to the Lair.
  6050 | D:9      | Reached ** piety under Hepliaklqana
  6155 | D:9      | Found a staircase to the Orcish Mines.
  6573 | D:10     | Entered Level 10 of the Dungeon
  6586 | D:10     | Reached XP level 11. HP: 65/65 MP: 11/11
  6659 | D:10     | Noticed a two-headed ogre
  6665 | D:10     | Killed a two-headed ogre
  6666 | D:10     | Reached skill level 14 in Ranged Weapons
  6680 | D:10     | Learned a level 2 spell: Blink
  6695 | D:10     | Reached skill level 11 in Fighting
  6969 | D:10     | Reached *** piety under Hepliaklqana
  6977 | D:10     | Found an opulent altar of Gozag.
  7246 | D:10     | Found Gozag's Platinum Reserve.
  7381 | D:11     | Noticed a manticore
  7384 | D:11     | Killed a manticore
  7514 | D:9      | Reached skill level 15 in Ranged Weapons
  7624 | D:11     | Noticed a manticore
  7630 | D:11     | Killed a manticore
  7969 | D:11     | Noticed Maurice
  7986 | D:11     | Killed Maurice
  8038 | D:11     | Remembered your ancestor Esmond as a knight
  8112 | D:11     | Reached **** piety under Hepliaklqana
  8424 | D:12     | Reached skill level 12 in Fighting
  8445 | D:12     | Noticed a cyclops
  8449 | D:12     | Killed a cyclops
  8467 | D:12     | Noticed a brown ugly thing
  8473 | D:12     | Killed a brown ugly thing
  8476 | D:12     | Reached XP level 12. HP: 72/72 MP: 12/12
  8574 | D:12     | Reached skill level 16 in Ranged Weapons
  8929 | D:12     | Noticed a tengu warrior
  8936 | D:12     | Killed a tengu warrior
  9288 | D:13     | Noticed a death knight
  9304 | D:13     | Killed a death knight
  9305 | D:13     | Reached skill level 13 in Fighting
  9313 | D:13     | Noticed a death knight
  9343 | D:13     | Killed a death knight
  9623 | D:13     | Reached skill level 17 in Ranged Weapons
  9644 | D:13     | Noticed a boulder beetle
  9655 | D:13     | Killed a boulder beetle
  9715 | D:13     | Reached ***** piety under Hepliaklqana
 10315 | D:13     | Noticed a death knight
 10324 | D:13     | Killed a death knight
 10533 | D:14     | Noticed a centaur warrior
 10533 | D:14     | Noticed a two-headed ogre
 10533 | D:14     | Noticed a great orb of eyes
 10533 | D:14     | Found a gate to the Vaults.
 10596 | D:13     | Killed a two-headed ogre
 10597 | D:13     | Reached XP level 13. HP: 54/80 MP: 13/13
 10937 | D:14     | Reached skill level 14 in Fighting
 10989 | D:14     | Reached skill level 18 in Ranged Weapons
 11092 | D:14     | Killed a great orb of eyes
 11093 | D:14     | Reached skill level 1 in Shields
 11107 | D:14     | Reached skill level 1 in Armour
 11107 | D:14     | Reached skill level 1 in Spellcasting
 11181 | D:14     | Reached skill level 2 in Shields
 11336 | D:14     | Noticed a jiangshi
 11346 | D:14     | Killed a jiangshi
 11347 | D:14     | Reached skill level 2 in Armour
 11347 | D:14     | Reached skill level 3 in Shields
 11368 | D:14     | Noticed a jiangshi
 11375 | D:14     | Killed a jiangshi
 11376 | D:14     | Reached skill level 2 in Spellcasting
 11435 | D:14     | Found an ancient bone altar of Kikubaaqudgha.
 11435 | D:14     | Noticed a vampire knight
 11452 | D:14     | Killed a vampire knight
 11453 | D:14     | Reached skill level 4 in Shields
 11460 | D:14     | Identified the +8 shortbow of the Impish God {speed, rF+
                  | Str+3 Dex+2}
 11495 | D:14     | Reached skill level 3 in Armour
 11507 | D:14     | Noticed a jiangshi
 11514 | D:14     | Killed a jiangshi
 11515 | D:14     | Reached skill level 3 in Spellcasting
 12313 | D:15     | Entered Level 15 of the Dungeon
 12358 | D:15     | Reached skill level 4 in Armour
 12543 | D:14     | Reached skill level 4 in Spellcasting
 12764 | D:15     | Reached skill level 5 in Armour
 12863 | D:15     | Found a staircase to the Depths.
 12876 | D:15     | Reached skill level 5 in Spellcasting
 12910 | D:15     | Reached skill level 6 in Armour
 13108 | D:15     | Noticed an ettin
 13108 | D:15     | Noticed an ettin
 13120 | D:15     | Killed an ettin
 13121 | D:15     | Gained mutation: Your large and strong wings let you fly.
                  | [Gargoyle growth]
 13121 | D:15     | Reached XP level 14. HP: 86/86 MP: 22/22
 13136 | D:15     | Reached skill level 7 in Armour
 13188 | D:15     | Found the +12 pair of quick blades "Gyre" and "Gimble"
                  | {protect}
 13273 | D:15     | Reached skill level 6 in Spellcasting
 14169 | Depths:1 | Entered Level 1 of the Depths
 14169 | Depths:1 | Noticed a cyan very ugly thing
 14169 | Depths:1 | Noticed a cyan very ugly thing
 14312 | Lair:1   | Entered Level 1 of the Lair of Beasts
 14502 | Lair:1   | Reached skill level 8 in Armour
 14598 | Lair:1   | Reached skill level 7 in Spellcasting
 15223 | Lair:2   | Noticed Maggie
 15237 | Lair:2   | Killed Maggie
 15350 | Lair:2   | Reached skill level 9 in Armour
 15386 | Lair:2   | Reached ****** piety under Hepliaklqana
 15603 | Lair:2   | Found a staircase to the Shoals.
 15649 | Lair:2   | Reached skill level 1 in Translocations
 16048 | Lair:3   | Found a gate leading to a gauntlet.
 16058 | Gauntlet | Entered a Gauntlet
 16058 | Gauntlet | Found a transporter.
 16058 | Gauntlet | Found a transporter.
 16058 | Gauntlet | Found a transporter.
 16088 | Gauntlet | Found a transporter.
 16098 | Gauntlet | Found a transporter.
 16100 | Gauntlet | Found a transporter.
 16112 | Gauntlet | Found a transporter.
 16130 | Gauntlet | Found a transporter.
 16147 | Gauntlet | Found a transporter.
 16148 | Gauntlet | Found a transporter.
 16156 | Gauntlet | Found a transporter.
 16159 | Gauntlet | Found a transporter.
 16430 | Gauntlet | Reached skill level 8 in Spellcasting
 16438 | Gauntlet | Reached skill level 2 in Translocations
 16516 | Gauntlet | Identified the +0 helmet of the Present {rPois Will+}
 16556 | Gauntlet | Identified the +7 sling of Xom's Favour {elec, Will+ Int+3
                  | Dex-4}
 16556 | Gauntlet | Identified the +3 ring mail of Sloth {SInv}
 16642 | Lair:3   | Noticed Rupert
 16654 | Lair:3   | Killed Rupert
 16655 | Lair:3   | Reached skill level 3 in Translocations
 16724 | Lair:3   | Reached skill level 10 in Armour
 16820 | Lair:3   | Found a hole to the Spider Nest.
 16881 | Lair:3   | Reached skill level 4 in Translocations
 16955 | Lair:3   | Identified a scroll of acquirement
 16956 | Lair:3   | Acquired a manual of Armour
 17481 | Lair:4   | Reached XP level 15. HP: 90/90 MP: 27/27
 17488 | Lair:4   | Reached skill level 11 in Armour
 17526 | Lair:4   | Acquired 1131 gold pieces
 17689 | Lair:4   | Reached skill level 5 in Translocations
 18046 | Lair:4   | Reached skill level 12 in Armour
 18088 | Lair:4   | Learned a level 2 spell: Wereblood
 18406 | Lair:4   | Reached skill level 1 in Throwing
 19053 | Lair:5   | Entered Level 5 of the Lair of Beasts
 19148 | Lair:5   | Identified the +7 mace "Quvisuny" {heavy, Dex+3}
 19169 | Lair:5   | Reached skill level 6 in Translocations
 19182 | Lair:5   | Reached skill level 2 in Throwing
 19200 | Lair:5   | Reached skill level 3 in Throwing
 19254 | Lair:5   | Reached skill level 4 in Throwing
 19301 | Lair:5   | Reached skill level 5 in Throwing
 19552 | Lair:5   | Reached skill level 6 in Throwing
 19765 | Lair:5   | Found a staircase to the Slime Pits.
 20003 | Orc:1    | Entered Level 1 of the Orcish Mines
 20003 | Orc:1    | Found Qoneduh's Antique Armour Emporium.
 20016 | Orc:1    | Noticed Erica
 20017 | Orc:1    | Noticed an orc warlord
 20034 | Orc:1    | Killed Erica
 20035 | Orc:1    | Reached skill level 7 in Throwing
 20054 | D:9      | Killed an orc warlord
 20285 | Orc:2    | Entered Level 2 of the Orcish Mines
 20434 | Orc:2    | Found a dark tunnel.
 20444 | Volcano  | Entered a volcano
 20605 | Volcano  | Found a radiant altar of Vehumet.
 20610 | Volcano  | Reached skill level 8 in Throwing
 20972 | Orc:2    | Found a staircase to the Elven Halls.
 21020 | Orc:1    | Noticed Nergalle
 21031 | Orc:2    | Killed Nergalle
 21032 | Orc:2    | Reached skill level 9 in Throwing
 21043 | Orc:2    | Reached XP level 16. HP: 64/95 MP: 28/28
 21681 | Orc:2    | Noticed Donald
 21746 | Orc:2    | Killed Donald
 21810 | Orc:2    | Found a radiant altar of Vehumet.
 21810 | Orc:2    | Noticed Erolcha
 21864 | Orc:2    | Reached skill level 10 in Throwing
 21910 | Orc:2    | Found Mioluuso's Distillery.
 21934 | Orc:2    | Killed Erolcha
 22010 | Orc:2    | Found Xiush's Magic Scroll Emporium.
 22075 | Orc:2    | Found Veize's Book Emporium.
 22080 | Orc:2    | Found an ancient bone altar of Kikubaaqudgha.
 22107 | Orc:2    | Found Ruge's Antique Weapon Shoppe.
 22325 | Orc:2    | Bought a scroll of blinking for 127 gold pieces
 22325 | Orc:2    | Bought a scroll of silence for 161 gold pieces
 22325 | Orc:2    | Bought a scroll of teleportation for 51 gold pieces
 22325 | Orc:2    | Bought a scroll of fog for 68 gold pieces
 22325 | Orc:2    | Bought a scroll of silence for 161 gold pieces
 22348 | Orc:2    | Bought 2 potions of haste for 320 gold pieces
 22511 | D:3      | Bought a manual of Evocations for 1040 gold pieces
 22511 | D:3      | Bought a manual of Invocations for 1040 gold pieces
 22663 | Shoals:1 | Entered Level 1 of the Shoals
 22677 | Shoals:1 | Reached skill level 1 in Invocations
 22683 | Shoals:1 | Reached skill level 1 in Evocations
 22861 | Shoals:1 | Reached skill level 2 in Invocations
 22886 | Shoals:1 | Reached skill level 2 in Evocations
 22889 | Shoals:1 | Reached skill level 3 in Invocations
 22931 | Shoals:1 | Reached skill level 3 in Evocations
 22974 | Shoals:1 | Reached skill level 4 in Invocations
 23276 | Shoals:1 | Noticed a kraken
 23292 | Shoals:1 | Killed a kraken
 23623 | Shoals:1 | Reached skill level 4 in Evocations
 23640 | Shoals:1 | Reached skill level 5 in Invocations
 23763 | Shoals:1 | Reached skill level 13 in Armour
 24011 | Shoals:2 | HP: 16/95 [merfolk aquamancer/ball of steam (37)]
 24288 | Shoals:2 | Reached skill level 2 in Dodging
 24422 | Shoals:2 | Reached skill level 6 in Invocations
 24422 | Shoals:2 | Reached skill level 5 in Evocations
 24849 | Shoals:2 | Reached skill level 7 in Invocations
 24949 | Shoals:2 | Reached skill level 3 in Dodging
 24949 | Shoals:2 | Reached skill level 6 in Evocations
 25009 | Shoals:2 | Noticed a kraken
 25044 | Shoals:2 | Killed a kraken
 25121 | Shoals:2 | Reached skill level 8 in Invocations
 25267 | Shoals:2 | Reached skill level 7 in Evocations
 25482 | Shoals:2 | Reached skill level 4 in Dodging
 25738 | Shoals:3 | Reached skill level 9 in Invocations
 25738 | Shoals:3 | Reached XP level 17. HP: 99/99 MP: 29/29
 26120 | Shoals:3 | Found a frozen archway.
 26163 | Shoals:3 | Reached skill level 8 in Evocations
 26256 | IceCv    | Entered an ice cave
 26409 | IceCv    | Reached skill level 10 in Invocations
 26442 | IceCv    | HP: 21/99 [caustic shrike simulacrum[an orange crystal
                  | statue] (24)]
 26701 | IceCv    | Reached skill level 5 in Dodging
 26993 | Shoals:4 | Entered Level 4 of the Shoals
 27005 | Shoals:4 | Identified the +0 robe of Dishonour {Int+3}
 27021 | Shoals:4 | Reached skill level 9 in Evocations
 27028 | Shoals:4 | Noticed a kraken
 27150 | Shoals:4 | Reached skill level 11 in Invocations
 27657 | Shoals:4 | Reached skill level 10 in Evocations
 27698 | Shoals:4 | Got a barnacled rune of Zot
 27822 | Shoals:4 | Reached skill level 6 in Dodging
 27841 | Shoals:4 | Reached skill level 12 in Invocations
 28346 | Shoals:4 | Noticed a kraken
 28367 | Shoals:4 | Killed a kraken
 28592 | Shoals:4 | Killed a kraken
 28992 | Spider:1 | Entered Level 1 of the Spider Nest
 29229 | Spider:1 | Reached skill level 11 in Evocations
 29283 | Spider:1 | Reached skill level 13 in Invocations
 29306 | Spider:1 | Noticed Mlioglotl
 29307 | Spider:1 | Noticed a tentacled starspawn
 29447 | Spider:1 | Killed Mlioglotl
 29536 | Spider:1 | You are sucked into a shaft and drop 1 floor!
 29683 | Spider:1 | Reached skill level 7 in Dodging
 30031 | Spider:1 | Reached XP level 18. HP: 41/104 MP: 30/30
 30804 | Spider:2 | Noticed Frances
 30817 | Spider:2 | Killed Frances
 30830 | Spider:2 | Noticed Nikola
 30852 | Spider:2 | Killed Nikola
 30853 | Spider:2 | Reached skill level 12 in Evocations
 31724 | Spider:3 | Reached skill level 8 in Dodging
 31802 | Spider:3 | Noticed Agnes
 31826 | Spider:3 | Killed Agnes
 32135 | Spider:3 | Reached skill level 13 in Evocations
 32161 | Spider:2 | Gained mutation: You are clumsy. (Dex -2) [mutagenic glow]
 32575 | Spider:3 | Identified the +1 helmet of Vanity {+Blink +Inv rElec
                  | Dex-5}
 32697 | Spider:4 | Entered Level 4 of the Spider Nest
 32712 | Spider:4 | Reached skill level 9 in Dodging
 33285 | Spider:4 | Noticed Arachne
 33318 | Spider:4 | Killed Arachne
 33319 | Spider:4 | Reached skill level 10 in Dodging
 33770 | Spider:4 | Got a gossamer rune of Zot
 33933 | Spider:4 | Reached skill level 11 in Dodging
 34506 | Vaults:1 | Entered Level 1 of the Vaults
 34563 | Vaults:1 | Found a crumbling gateway.
 34578 | Desolati | Entered the Desolation of Salt
 34597 | Desolati | Reached XP level 19. HP: 108/108 MP: 31/31
 34647 | Desolati | HP: 19/108 [saltling (10)]
 34663 | Desolati | HP: 27/108 [ragged hierophant/a resonance strike (2)]
 34667 | Desolati | Reached skill level 12 in Dodging
 34952 | Desolati | Found the +0 mask of the Dragon {Will+ Slay+3 SInv}
 35007 | Desolati | Identified the amulet "Heuss" {Faith Rampage rPois MP+9}
 35410 | Desolati | Identified the ring "Zovokk" {rPois rC+ Int+3}
 35438 | Desolati | Identified the ring of the Firefly {Fly rPois Str+4 Int+2
                  | Stlth+}
 35447 | Desolati | Reached skill level 13 in Dodging
 35534 | Desolati | Reached skill level 2 in Stealth
 35675 | Desolati | Identified the ring "Fotzerghaq" {Fly Int+4}
 35679 | Desolati | Identified the ring of the Scorching Enemy {+Blink EV+5
                  | Int+4}
 35829 | Desolati | Reached skill level 3 in Stealth
 35971 | Vaults:1 | Reached skill level 4 in Stealth
 36004 | Vaults:1 | Reached skill level 5 in Stealth
 36226 | Vaults:1 | Reached skill level 6 in Stealth
 36463 | D:14     | Reached skill level 15 in Fighting
 36874 | Slime:1  | Entered Level 1 of the Pits of Slime
 36883 | Slime:1  | Gained mutation: You are frail. (-10% HP) [a shining eye]
 36890 | Slime:1  | Gained mutation: You sometimes lose your temper in combat.
                  | [a shining eye]
 36986 | Slime:1  | Gained mutation: You are very frail. (-20% HP) [a shining
                  | eye]
 37074 | Lair:5   | Lost mutation: You are very frail. (-20% HP) [potion of
                  | mutation]
 37074 | Lair:5   | Lost mutation: You are frail. (-10% HP) [potion of
                  | mutation]
 37074 | Lair:5   | Gained mutation: Your body sometimes deteriorates upon
                  | taking damage. [potion of mutation]
 37074 | Lair:5   | Gained mutation: You are partially covered in iridescent
                  | scales. (AC +2) [potion of mutation]
 37074 | Lair:5   | Gained mutation: You are mostly covered in iridescent
                  | scales. (AC +4) [potion of mutation]
 37075 | Lair:5   | Lost mutation: You are clumsy. (Dex -2) [potion of
                  | mutation]
 37075 | Lair:5   | Lost mutation: You are mostly covered in iridescent scales.
                  | (AC +4) [potion of mutation]
 37075 | Lair:5   | Gained mutation: You are clumsy. (Dex -2) [potion of
                  | mutation]
 37075 | Lair:5   | Gained mutation: Your mind is acute. (Int +4, Str/Dex -1)
                  | [potion of mutation]
 37075 | Lair:5   | Lost mutation: You are clumsy. (Dex -2) [potion of
                  | mutation]
 37076 | Lair:5   | Lost mutation: Your body sometimes deteriorates upon taking
                  | damage. [potion of mutation]
 37076 | Lair:5   | Lost mutation: You sometimes lose your temper in combat.
                  | [potion of mutation]
 37076 | Lair:5   | Gained mutation: You are clumsy. (Dex -2) [potion of
                  | mutation]
 37076 | Lair:5   | Gained mutation: You are strong-willed. (Will+) [potion of
                  | mutation]
 37116 | Slime:1  | Reached skill level 7 in Stealth
 37200 | Slime:1  | Gained mutation: You do not regenerate when monsters are
                  | visible. [a shining eye]
 37491 | Elf:1    | Entered Level 1 of the Elven Halls
 37508 | Elf:1    | Found an ancient bone altar of Kikubaaqudgha.
 37653 | Elf:1    | Got the Volume of Conjuration
 37673 | Elf:1    | Reached skill level 8 in Stealth
 37748 | Elf:1    | Reached XP level 20. HP: 117/117 MP: 32/32
 37800 | Elf:1    | Paralysed by an air elemental for 1 turns
 38151 | Elf:1    | You are sucked into a shaft and drop 1 floor!
 38165 | Elf:2    | Reached skill level 16 in Fighting
 38165 | Elf:2    | Reached skill level 9 in Stealth
 38441 | Elf:2    | Reached skill level 10 in Stealth
 38609 | Elf:2    | Found a runed translucent door.
 38609 | Elf:2    | Found a runed translucent door.
 38942 | Elf:1    | Found a portal to a secret trove of treasure.
 39732 | Elf:2    | Reached skill level 11 in Stealth
 39796 | Elf:3    | Entered Level 3 of the Elven Halls
 39849 | Elf:3    | Reached skill level 17 in Fighting
 40347 | Elf:3    | Noticed Louise
 40489 | Elf:3    | HP: 25/120 [deep elf blademaster/+0 rapier (18)]
 40881 | Elf:3    | Reached skill level 12 in Stealth
 40898 | Elf:3    | HP: 28/120 [Executioner[a deep elf demonologist] (3)]
 40899 | Elf:3    | HP: 10/120 [Executioner[a deep elf demonologist] (10)]
 40905 | Elf:3    | HP: 24/120 [Executioner[a deep elf demonologist] (12)]
 41544 | Elf:3    | Identified the +8 broad axe of Boudweredd {drain, rF+ rC-
                  | Int+2}
 41795 | Elf:3    | Reached skill level 13 in Stealth
 41801 | Elf:3    | Killed Louise
 41802 | Elf:3    | Reached XP level 21. HP: 111/126 MP: 28/33
 41894 | Elf:3    | Identified the +1 ring mail of Inviolability {rElec Str-2
                  | SInv}
 41904 | Elf:3    | Reached skill level 18 in Fighting
 41963 | Elf:3    | Identified the +1 scale mail "Ehud" {rN+}
 42006 | Elf:3    | Learned a level 3 spell: Ozocubu's Armour
 42110 | Elf:3    | Identified the +4 flail of Xokhleg {heavy, Fragile +Blink
                  | Dex+8 Stlth-}
 42114 | Elf:3    | Identified the ring "Hycaashu" {Ice rElec Will+ Dex+3}
 42130 | Elf:3    | Reached skill level 1 in Ice Magic
 42130 | Elf:3    | Identified the +1 long sword of the Bear {venom, rPois
                  | SInv}
 42131 | Elf:3    | Reached skill level 1 in Transmutations
 42138 | Elf:3    | Reached skill level 2 in Ice Magic
 42180 | Elf:3    | Reached skill level 2 in Transmutations
 42220 | Elf:3    | Got the Papyrus of Energy
 42222 | Elf:3    | Got the Secrets of Molten Cryomancy
 42254 | Elf:3    | Got Sif Muna's Catalogue of Grim Freezing
 42257 | Elf:3    | Got the Vellum of the Welkin
 42770 | Vaults:1 | Reached skill level 3 in Ice Magic
 42880 | Vaults:1 | Reached skill level 3 in Transmutations
 42891 | Vaults:1 | Found Anoyqoav's Book Emporium.
 42908 | Vaults:1 | Reached skill level 4 in Ice Magic
 42930 | Vaults:1 | Learned a level 4 spell: Passage of Golubria
 43130 | Vaults:1 | Identified the amulet of Manaol {Acrobat rF+}
 43169 | Vaults:1 | HP: 26/126 [yaktaur/bolt[a vault warden] (29)]
 43440 | Vaults:1 | Reached skill level 4 in Transmutations
 43495 | Vaults:1 | Reached skill level 5 in Ice Magic
 43935 | Vaults:1 | Identified the +6 falchion "Qeakh" {heavy, rElec Str+3}
 44182 | Vaults:2 | Learned a level 2 spell: Lesser Beckoning
 44186 | Vaults:2 | Learned a level 3 spell: Gell's Gravitas
 44189 | Vaults:2 | Learned a level 2 spell: Momentum Strike
 44592 | Vaults:2 | Reached skill level 7 in Translocations
 44681 | Vaults:2 | Noticed Boris
 44700 | Vaults:2 | Killed Boris
 44701 | Vaults:2 | Reached skill level 5 in Transmutations
 44701 | Vaults:2 | Reached skill level 6 in Ice Magic
 44765 | Vaults:2 | Found a staircase to the Crypt.
 44765 | Vaults:2 | Found an ancient bone altar of Kikubaaqudgha.
 44766 | Vaults:2 | Found a basalt altar of Yredelemnul.
 45796 | Vaults:3 | Reached skill level 8 in Translocations
 45796 | Vaults:3 | Reached skill level 6 in Transmutations
 46259 | Vaults:3 | Reached XP level 22. HP: 133/133 MP: 32/34
 46578 | Vaults:3 | Found Rohooggo's Antique Weapon Shoppe.
 46589 | Vaults:3 | Found Yfodghe's Antique Armour Emporium.
 46760 | Vaults:3 | Found Qarroos's Book Emporium.
 46987 | Vaults:3 | Found Lucusuq's Assorted Antiques.
 47314 | Vaults:3 | Reached skill level 19 in Fighting
 47740 | Vaults:4 | Reached skill level 19 in Ranged Weapons
 48899 | Vaults:4 | Reached skill level 5 in Shields
 48918 | Vaults:4 | Found Tutugon's Antique Armour Boutique.
 48925 | Vaults:4 | Bought a steaming scale mail for 252 gold pieces
 48925 | Vaults:4 | Identified the +1 scale mail of the Plum {Harm *Corrode
                  | Will+} (You bought it in a shop on level 4 of the Vaults)
 49297 | Vaults:4 | Reached skill level 6 in Shields
 50022 | Crypt:1  | Entered Level 1 of the Crypt
 50230 | Vaults:2 | Reached skill level 20 in Fighting
 50805 | Crypt:1  | Reached skill level 7 in Shields
 51302 | Crypt:1  | Noticed Bai Suzhen
 51323 | Crypt:1  | Killed Bai Suzhen
 51457 | Crypt:1  | Reached XP level 23. HP: 140/140 MP: 35/35
 51525 | Crypt:1  | You are sucked into a shaft and drop 1 floor!
 51634 | Crypt:2  | Reached skill level 20 in Ranged Weapons
 51646 | Crypt:2  | Reached skill level 8 in Shields
 52077 | Crypt:2  | Identified the ring "Tuat" {Ice rElec rCorr Dex+3}
 52077 | Crypt:2  | Noticed Josephina
 52116 | Crypt:2  | Killed Josephina
 52117 | Crypt:2  | Reached skill level 9 in Shields
 52636 | Crypt:2  | Learned a level 3 spell: Teleport Other
 52742 | Crypt:2  | HP: 35/140 [jiangshi[a curse skull] (15)]
 53137 | Crypt:2  | Found a runed door.
 53152 | Crypt:2  | Reached skill level 10 in Shields
 53512 | Crypt:2  | Noticed an ancient lich
 53514 | Crypt:2  | Identified the amulet "Zaxouf" {RegenMP Harm rElec rC+
                  | Str+2}
 53525 | Crypt:2  | Reached skill level 11 in Shields
 53540 | Crypt:2  | Killed an ancient lich
 53548 | Crypt:2  | Found the +3 greatsling "Punk" {acid, rCorr}
 53562 | Crypt:2  | Identified the +5 longbow "Sirosom" {antimagic, +Blink
                  | rElec rF- Str+2 Int+4}
 53564 | Crypt:2  | Acquired the +2 pair of gloves "Adily" {+Inv rF+}
 53597 | Crypt:2  | Identified the +0 cloak of the Nightingale {rN+ Str+2}
 53649 | Crypt:3  | Entered Level 3 of the Crypt
 53700 | Crypt:3  | Found a staircase to the Tomb.
 53890 | Crypt:3  | Reached skill level 12 in Shields
 54075 | Crypt:3  | Noticed a curse toe
 54660 | Crypt:3  | Noticed an ancient lich
 54664 | Crypt:3  | Noticed a dread lich
 54822 | Crypt:2  | Killed a curse toe
 55008 | Crypt:2  | Reached skill level 13 in Shields
 55057 | Crypt:3  | Noticed Zenata
 55098 | Crypt:2  | Killed Zenata
 55442 | Crypt:3  | Found the +10 dark maul {heavy}
 55443 | Crypt:3  | Found the +7 sceptre of Torment {pain, torment}
 55518 | Crypt:3  | Identified the +0 leather armour of Weirdness {Str+5
                  | Stlth-}
 55947 | Crypt:3  | Killed an ancient lich
 55948 | Crypt:3  | Reached skill level 14 in Shields
 55961 | Crypt:3  | Killed a dread lich
 55981 | Crypt:3  | Identified the ring "Merhoa" {rN+ Dex+5}
 55981 | Crypt:3  | Identified the ring "Wioli" {rF+ rN+}
 56156 | Crypt:3  | Learned a level 3 spell: Frozen Ramparts
 56991 | Vaults:4 | Learned a level 5 spell: Borgnjor's Vile Clutch
 56997 | Vaults:4 | Learned a level 5 spell: Lee's Rapid Deconstruction
 57003 | Vaults:4 | Learned a level 4 spell: Petrify
 57252 | D:15     | Reached skill level 1 in Earth Magic
 57568 | Depths:1 | Reached skill level 2 in Earth Magic
 57585 | Depths:1 | Reached skill level 15 in Shields
 57654 | Depths:1 | Reached XP level 24. HP: 139/146 MP: 35/35
 57797 | Depths:1 | Found a transporter.
 57804 | Depths:1 | Noticed a caustic shrike
 57814 | Depths:1 | Noticed Perukkom's ghost (veteran DjFE)
 57821 | Depths:1 | Noticed a caustic shrike
 57848 | Depths:1 | Reached skill level 3 in Earth Magic
 57898 | Depths:1 | Identified the +0 chain mail of Snakes and Ladders {rC++
                  | Will++ Int-5}
 58111 | Depths:1 | Found a transporter.
 58121 | Depths:1 | Reached skill level 14 in Armour
 58134 | Depths:1 | Reached skill level 4 in Earth Magic
 58365 | Depths:1 | Found a gateway to Hell.
 58370 | Depths:1 | Identified the +4 scale mail of Misanthropy {rF- rC+ Str+4
                  | Stlth+}
 58485 | Depths:1 | Found a sparkling altar of Nemelex Xobeh.
 58599 | Depths:2 | Noticed Vv
 58733 | Depths:2 | Reached skill level 9 in Spellcasting
 58733 | Depths:2 | Reached skill level 5 in Earth Magic
 58853 | Depths:2 | Found a one-way gate leading to the halls of Pandemonium.
 58984 | Depths:2 | Reached skill level 15 in Armour
 59071 | Depths:2 | Reached skill level 6 in Earth Magic
 59267 | Depths:2 | Found a gateway to a bazaar.
 59278 | Bazaar   | Entered a bazaar
 59281 | Bazaar   | Found Ystrepnu's Weapon Shop.
 59294 | Bazaar   | Found Hoanotew's Book Shop.
 59307 | Bazaar   | Found Fabumon's Distillery.
 59313 | Bazaar   | Bought 2 potions of haste for 220 gold pieces
 59313 | Bazaar   | Bought a potion of haste for 110 gold pieces
 59313 | Bazaar   | Bought a potion of heal wounds for 55 gold pieces
 59341 | Bazaar   | Found Ibrociy's Weapon Shop.
 59783 | Depths:2 | Noticed the Enchantress
 59807 | Depths:1 | Killed the Enchantress
 59808 | Depths:1 | Reached skill level 7 in Earth Magic
 60185 | Depths:2 | Reached skill level 16 in Armour
 60282 | Depths:2 | Reached skill level 10 in Spellcasting
 60892 | Depths:2 | Reached skill level 8 in Earth Magic
 61469 | Depths:2 | Identified the +3 pair of boots of the Raven {-Tele rN++}
 61625 | Depths:3 | Reached skill level 17 in Armour
 61627 | Depths:3 | Reached skill level 9 in Earth Magic
 61673 | Depths:3 | Found a flickering gateway to a bazaar.
 61683 | Bazaar   | Entered a bazaar
 61697 | Bazaar   | Found Annuesus's Book Emporium.
 61702 | Bazaar   | Bought a book of the Hunter for 234 gold pieces
 61706 | Bazaar   | Learned a level 3 spell: Portal Projectile
 61717 | Bazaar   | Found Daast's General Store.
 61731 | Bazaar   | Found Acynoq's Jewellery Emporium.
 61778 | Bazaar   | Bought the ring of Kiril {Wiz rF++ Dex+3} for 912 gold
                  | pieces
 61903 | Depths:3 | Found a corrupted altar of Lugonu.
 61903 | Depths:3 | Found a one-way gate to the infinite horrors of the Abyss.
 62045 | Depths:3 | Reached skill level 1 in Hexes
 62213 | Depths:3 | Reached XP level 25. HP: 115/151 MP: 37/37
 62222 | Depths:3 | Reached skill level 2 in Hexes
 62246 | Depths:3 | Reached skill level 11 in Spellcasting
 62594 | Depths:3 | Reached skill level 10 in Earth Magic
 62598 | Depths:3 | Reached skill level 3 in Hexes
 62634 | Depths:3 | Identified the +10 plate armour "Qulieg" {Str+5}
 63022 | Depths:4 | Entered Level 4 of the Depths
 63036 | Depths:4 | Found a one-way gateway to a ziggurat.
 63036 | Depths:4 | Found Melumpor's Weapon Shop.
 63045 | Depths:4 | Reached skill level 18 in Armour
 63465 | Depths:3 | Reached skill level 4 in Hexes
 63814 | Depths:3 | Killed Vv
 63953 | Depths:4 | Reached skill level 11 in Earth Magic
 64037 | Depths:4 | Found Werarchelyn's Magic Scroll Shop.
 64075 | Depths:4 | Bought a scroll of teleportation for 48 gold pieces
 64075 | Depths:4 | Bought a scroll of magic mapping for 120 gold pieces
 64337 | Depths:4 | Reached skill level 5 in Hexes
 64361 | Depths:4 | Identified the +4 whip of the Fox {flame, MP-9 Str+4 Int+4
                  | Stlth+}
 64529 | Depths:4 | Reached skill level 12 in Spellcasting
 64536 | Depths:4 | Found Beop's Magic Scroll Shop.
 64544 | Depths:4 | Bought a scroll of enchant weapon for 142 gold pieces
 64544 | Depths:4 | Bought a scroll of blinking for 142 gold pieces
 64544 | Depths:4 | Bought a scroll of teleportation for 57 gold pieces
 64544 | Depths:4 | Bought a scroll of teleportation for 57 gold pieces
 64544 | Depths:4 | Bought a scroll of enchant armour for 142 gold pieces
 64556 | Depths:4 | Found Sudivem's General Store.
 64733 | Depths:4 | Found a gate to the Realm of Zot.
 64849 | Depths:4 | Noticed Mennas
 65045 | Depths:4 | Killed Mennas
 65139 | Depths:4 | Found Emyas's Antique Weapon Shop.
 65210 | Depths:4 | Got the Guide on Gathered Bodies
 65217 | Depths:4 | Identified the +1 dire flail of Ezxoth {flame, rN+ Will+
                  | Str+4 Int-4 SInv}
 65352 | Hell     | Entered the Vestibule of Hell
 65352 | Hell     | Noticed Geryon
 65372 | Depths:4 | Reached skill level 6 in Hexes
 65372 | Depths:4 | Reached skill level 12 in Earth Magic
 65571 | Depths:4 | Reached skill level 19 in Armour
 66454 | Depths:4 | Reached XP level 26. HP: 80/156 MP: 38/39
 66656 | Depths:4 | Reached skill level 1 in Necromancy
 67100 | Hell     | Killed Geryon
 67114 | Hell     | Reached skill level 2 in Necromancy
 67237 | Hell     | Found a gateway to the ashen valley of Gehenna.
 67310 | Hell     | Found a gateway to the decaying netherworld of Tartarus.
 67314 | Hell     | Reached skill level 20 in Armour
 67392 | Hell     | Found a gateway to the freezing wastes of Cocytus.
 67509 | Hell     | Found a gateway to the Iron City of Dis.
 67789 | Vaults:5 | Entered Level 5 of the Vaults
 67901 | Vaults:4 | Reached skill level 3 in Necromancy
 67927 | Vaults:4 | Reached skill level 9 in Translocations
 68085 | Vaults:4 | Reached skill level 4 in Necromancy
 68492 | Vaults:5 | Noticed a dread lich
 68546 | Vaults:4 | Killed a dread lich
 68734 | Vaults:4 | Reached skill level 5 in Necromancy
 68858 | Vaults:4 | Reached skill level 10 in Translocations
 69344 | Vaults:5 | Reached skill level 6 in Necromancy
 69353 | Vaults:5 | Blown up by a lich

Illustrated notes

Levels and vault maps discovered:
D:1:      saegor_arrival_simple_b, layout_basic, minmay_lizard_king
D:2:      layout_loops_ring, ebering_ecumenical_altar_rust,
          minmay_misc_feat_more_columns
D:3:      layout_loops_ring, old_standard_altar,
          mainiacjoe_overflow_large_starburst, minmay_hedge_maze,
          nicolae_shop_vocational, uniq_crazy_yiuf_cottage, uniq_terence
D:4:      layout_cave_pools, uniq_duvessa
D:5:      layout_rooms, minmay_temple_entry_junction,
          hangedman_abyss_or_decor_jellyfish_corner,
          chequers_serial_rivers_large_a, chequers_garden,
          minmay_gold_behind_fungi
D:6:      layout_basic, mainiacjoe_overflow_small_starburst, fountainhead,
          uniq_menkaure
D:7:      layout_cave_pools
D:8:      layout_cave_pools, kennysheep_generic_room_6, uniq_prince_ribbit1,
          uniq_grum
D:9:      layout_loops_corners, due_lair_maze_entry_diamond, orc_0_dummy,
          uniq_psyche
D:10:     old_forge, layout_irregular_city, nicolae_gozag_zags_fifth_avenue
D:11:     layout_irregular_city, uniq_maurice
D:12:     layout_loops_cross
D:13:     cheibrodos_tormentor_scu, layout_irregular_city
D:14:     layout_basic, david_vaults_3, drop_trap, interstate_on_off,
          kennysheep_path_1, hangedman_abyss_or_decor_lesser_grid,
          nicolae_nh_vlads_tower
D:15:     gammafunk_depths_entry_grave, layout_stronghold,
          hangedman_decor_clover_reticule,
          hellmonk_guarded_unrand_gyre_and_gimble
Temple:   minmay_crystal_spiral_temple
Lair:1:   layout_chaotic_city, serial_bayou, serial_bayou_shore_b,
          serial_bayou_ford_a, serial_bayou_crossing, serial_bayou_shore_a,
          serial_bayou_pond_b
Lair:2:   layout_chaotic_city, minmay_shoals_entry_lonely_mermaid, uniq_maggie
Lair:3:   layout_chaotic_city, nicolae_spider_entry_tight_spaces,
          gauntlet_entry_generic, uniq_rupert
Lair:4:   layout_layer_cave
Lair:5:   gammafunk_lair_ancient_temple, layout_misc_corridors,
          minmay_slime_entry_oklob_enclosed, kennysheep_rathole
Shoals:1: layout_shoals
Shoals:2: layout_shoals
Shoals:3: layout_shoals, portal_ice_cave_entry_pillars_1
Shoals:4: shoals_end_hangedman, layout_shoals
Spider:1: layout_spider_delve, uniq_mlioglotl
Spider:2: layout_spider_delve, guppyfry_hornet_nest, uniq_nikola, uniq_frances
Spider:3: nicolae_spider_mines_3, drop_trap, worms_lemuel, uniq_agnes
Spider:4: guppyfry_spider_rune, uniq_arachne
Slime:1:  layout_caves
Orc:1:    layout_caves, serial_shops, shop_statue, uniq_nergalle, uniq_erica
Orc:2:    kennysheep_orc_mage_school, layout_caves,
          nicolae_volcano_entry_two_sided, uniq_donald
Elf:1:    layout_loops_ring, nicolae_trove_entry_crystal, basic_altar,
          minmay_elf_sorcery, dreamdust_wishing_well
Elf:2:    elven_hall_of_blades_hangedman_original
          [nicolae_blade_entry_splitting_headache], layout_loops_cross,
          nicolae_elevator_lobby_plus
Elf:3:    minmay_elf_hall_not_hex, layout_loops_corners, uniq_louise
Vaults:1: portal_desolation_entry_nicolae_slug, hangedman_vaults_stream,
          ontoclasm_vaults_fault, st_greater_box_2, ontoclasm_vaults_twist,
          nicolae_vaults_bisected_slash, nicolae_vaults_stairing_the_circle,
          hangedman_vaults_locks, v_misc_32, vaults_room_corners,
          ontoclasm_vaults_ligature, vaults_room_pool,
          ontoclasm_vaults_ring_small, vaults_dpeg_emergency_exit,
          nicolae_vaults_rhombus_6, nicolae_vaults_specimen_jars,
          layout_vaults_maze, serial_shops, nicolae_shop_waterfront
Vaults:2: minmay_crypt_entry_necro_gods, vaults_room_fours, vaults_dpeg_cross,
          ontoclasm_vaults_loading_screen, grunt_vaults_hallway_long,
          ontoclasm_vaults_gateway, nicolae_vaults_shelves_hall, serial_ice_g,
          layout_vaults_omnigrid, uniq_boris
Vaults:3: ontoclasm_vaults_ring_small, v_rooms_5, v_misc_19,
          vaults_mumra_chevron, v_misc_26, v_rooms_3, hangedman_vaults_impose,
          vaults_dpeg_encased_lava, vaults_dpeg_diagonal,
          nicolae_vaults_three_branches, layout_vaults_big_room, serial_shops,
          nicolae_shop_trees, shop, nicolae_square_shop, shop
Vaults:4: v_pattern_4, v_misc_2, ontoclasm_vaults_decontamination,
          vaults_mumra_hex, nicolae_vaults_ninety_degrees,
          vaults_room_door_ring, ontoclasm_vaults_ring_large,
          ontoclasm_vaults_claustrophobia, nicolae_vaults_little_ls,
          hangedman_vaults_pinch, ontoclasm_vaults_ring_square,
          nicolae_vaults_rhombus_6, layout_vaults_ring, serial_shops,
          nicolae_shop_crystal
Vaults:5: uniq_jory
Crypt:1:  layout_chaotic_city, skrybe_necro_troll_1, uniq_bai_suzhen
Crypt:2:  evilmike_wizard_prison, layout_basic, uniq_josephina
Crypt:3:  david_glass_crypt, layout_gridlike, grunt_ministairs_12, uniq_zenata
Depths:1: layout_basic, lightli_too_deep, serial_sigils_hangedman_quiver,
          gammafunk_ghost_berserking_beasts, nemelex_altar_shiori
Depths:2: nooodl_heptagram, layout_cross, grunt_pan_entry_in_and_out,
          serial_shops, bzr_firewalk, hell_entry, grunt_decor_arrowhead,
          uniq_vv, uniq_grunn, uniq_enchantress
Depths:3: minmay_the_grid_triangle_9x9_recursive_3_mashed
          [minmay_the_grid_triangle_9x9_corruption,
          minmay_the_grid_triangle_9x9_pentomino_pain,
          minmay_the_grid_triangle_9x9_windchime,
          minmay_the_grid_triangle_9x9_prize_top_heavy,
          minmay_the_grid_triangle_9x9_flanged_cone,
          minmay_the_grid_triangle_9x9_swiss_cheese,
          minmay_the_grid_triangle_9x9_dagger,
          minmay_the_grid_triangle_9x9_minimal,
          minmay_the_grid_triangle_9x9_checkered], layout_gridlike, hell_entry,
          serial_shops, bzr_entry_customers, abyss_entry_flame_altar,
          infiniplex_staircase_pillars_3a
Depths:4: grunt_x_marks_the_spot, layout_cave_pools, enter_ziggurat_e,
          hangedman_abyss_entry_splay, hell_entry, chequers_decorated_corner,
          serial_shops, shop_coins, nicolae_shop_competitors_out_of_business,
          nicolae_shop_waterfront, nicolae_shop_waterfront, shop,
          minmay_checkered_concentric_circles, uniq_mennas
Hell

Skill      XL: |  1  2  3  4  5  6  7  8  9 10 11 12 13 14 15 16 17 18 19 20 21 22 23 24 25 26 |
---------------+-------------------------------------------------------------------------------+-----
Fighting       | 3 4 5 7 9 10 12 13 14 15 17 18 20 | 20.0
Ranged Weapons | 5 6 7 8 10 11 13 15 17 18 19 20 | 20.0
Shields        | 4 7 15 | 15.0
Armour         | 6 10 12 13 17 19 20 | 20.0
Spellcasting   | 5 8 10 12 | 12.0
Translocations | 4 6 8 10 | 10.0
Throwing       | 9 10 | 10.5
Invocations    | 9 13 | 13.3
Evocations     | 7 11 13 | 13.0
Dodging        | 4 7 11 13 | 13.0
Stealth        | 8 13 | 13.2
Ice Magic      | 6 |  6.0
Transmutations | 6 |  6.0
Earth Magic    | 2 9 12 | 12.0
Hexes          | 1 6 |  6.0
Necromancy     | 6 |  6.3

Action                     |  1- 3 |  4- 6 |  7- 9 | 10-12 | 13-15 | 16-18 | 19-21 | 22-24 | 25-27 || total
---------------------------+-------+-------+-------+-------+-------+-------+-------+-------+-------++-------
  Melee: Shortbow          |       |       |       |       |       |       |     2 |       |       ||     2
   Fire: Shortbow          |   147 |    19 |       |       |  1158 |  1517 |  2172 |  1689 |       ||  6702
         Sling             |       |    58 |   178 |   449 |   132 |   684 |       |       |       ||  1501
         Greatsling        |       |       |       |       |       |       |       |   787 |   994 ||  1781
         Hand crossbow     |       |       |       |       |       |       |       |    12 |       ||    12
  Throw: Dart              |       |       |       |       |     3 |     1 |       |       |       ||     4
         Javelin           |       |       |       |       |       |       |     8 |       |       ||     8
   Cast: Passage of Golubr |       |       |       |       |       |       |       |     3 |       ||     3
         Lee's Rapid Decon |       |       |       |       |       |       |       |       |     3 ||     3
         Portal Projectile |       |       |       |       |       |       |       |       |     2 ||     2
         Ozocubu's Armour  |       |       |       |       |       |       |       |       |     1 ||     1
 Invoke: Ancestor Life: Kn |       |       |       |     1 |       |       |       |       |       ||     1
         Recall Ancestor   |       |       |       |       |     4 |    10 |     6 |     8 |    17 ||    45
         Transference      |       |       |       |       |       |     1 |     1 |     1 |     1 ||     4
         Idealise          |       |       |       |       |       |     2 |    11 |     8 |     5 ||    26
  Evoke: Wand              |       |       |       |     1 |       |     2 |     6 |     3 |       ||    12
         Box of beasts     |       |       |       |       |       |     1 |     1 |     1 |       ||     3
         Lightning rod     |       |       |       |       |       |     1 |       |       |       ||     1
    Use: Scroll            |       |       |    13 |     7 |    17 |    11 |     3 |    12 |     3 ||    66
         Potion            |       |       |       |     1 |       |     6 |    10 |       |     5 ||    22
 Armour: Leather armour    |    53 |     3 |       |       |    26 |       |       |       |       ||    82
         Robe              |       |       |    11 |    35 |    38 |       |       |    23 |       ||   107
         Ring mail         |       |       |       |       |    58 |   326 |   181 |   120 |       ||   685
         Scale mail        |       |       |       |       |       |       |       |   279 |       ||   279
         Acid dragon scale |       |       |       |       |       |       |       |    26 |   403 ||   429
  Dodge: Dodged            |    56 |    16 |    20 |    49 |   140 |   487 |   356 |   859 |   395 ||  2378
  Block: Buckler           |       |       |       |    24 |    46 |   111 |       |       |       ||   181
         Other             |       |       |       |       |    34 |   114 |    79 |   176 |       ||   403
         Reflection        |       |       |       |       |     2 |    21 |    14 |     8 |    18 ||    63
         Kite shield       |       |       |       |       |       |       |       |   246 |   941 ||  1187

Table legend: (Time is in decaauts)
 A = Elapsed time spent in this place.
 B = Non-inter-level travel time spent in this place.
 C = Inter-level travel time spent in this place.
 D = Time resting spent in this place.
 E = Time spent auto-exploring this place.
 F = Levels seen in this place.
 G = Mean time per level.
                   A        B        C        D        E       F      G
               +--------+--------+--------+--------+--------+-----+--------+
         Total |  65403 |  57879 |   7524 |    891 |  44160 |  54 | 1211.2 |
       Dungeon |  15821 |  13177 |   2644 |      0 |  11058 |  15 | 1054.7 |
        Temple |    207 |    124 |     83 |      0 |    107 |   1 |  207.0 |
          Lair |   5625 |   4644 |    981 |     79 |   3809 |   5 | 1125.0 |
        Shoals |   5371 |   5065 |    306 |      0 |   4129 |   4 | 1342.8 |
   Spider Nest |   4707 |   4418 |    289 |      0 |   3228 |   4 | 1176.8 |
    Slime Pits |    121 |    112 |      9 |     69 |      0 |   1 |  121.0 |
  Orcish Mines |   1918 |   1576 |    342 |      0 |   1089 |   2 |  959.0 |
   Elven Halls |   4624 |   4106 |    518 |      0 |   3269 |   3 | 1541.3 |
        Vaults |   9114 |   8002 |   1112 |      0 |   6378 |   5 | 1822.8 |
         Crypt |   5547 |   4812 |    735 |    263 |   3174 |   3 | 1849.0 |
        Depths |   9168 |   8695 |    473 |    379 |   6204 |   4 | 2292.0 |
          Hell |    542 |    515 |     27 |      0 |    359 |   1 |  542.0 |
        Bazaar |    197 |    197 |      0 |      0 |    135 |   2 |   98.5 |
      Ice Cave |    465 |    465 |      0 |      0 |    258 |   1 |  465.0 |
       Volcano |    334 |    334 |      0 |      0 |    207 |   1 |  334.0 |
    Desolation |   1143 |   1143 |      0 |    101 |    468 |   1 | 1143.0 |
      Gauntlet |    493 |    493 |      0 |      0 |    285 |   1 |  493.0 |
               +--------+--------+--------+--------+--------+-----+--------+

Top non-repeatable levels by time:
Vaults:4: 3168 daAuts
Depths:4: 3000 daAuts
 Crypt:2: 2898 daAuts
Depths:1: 2399 daAuts
Vaults:2: 2245 daAuts
    D:14: 2195 daAuts
   Elf:2: 2107 daAuts
Depths:3: 1944 daAuts
    D:15: 1896 daAuts
Vaults:1: 1885 daAuts
Depths:2: 1823 daAuts
Shoals:1: 1783 daAuts
Vaults:3: 1735 daAuts
    D:13: 1728 daAuts
Spider:1: 1724 daAuts

Table legend:
 A = Kills in this place as a percentage of kills in the entire game.
 B = Kills by you in this place as a percentage of kills by you in the entire game.
 C = Kills by friends in this place as a percentage of kills by friends in the entire game.
 D = Other kills in this place as a percentage of other kills in the entire game.
 E = Experience gained in this place as a percentage of experience gained in the entire game.
 F = Experience gained in this place divided by the number of levels of this place that you have seen.
                   A       B       C       D       E      F
               +-------+-------+-------+-------+-------+----------------------
         Total | 100.0 | 100.0 | 100.0 | 100.0 | 100.0 | 21939.7
       Dungeon |  18.0 |  21.5 |   5.4 |   0.0 |   6.5 | 5113.9
          Lair |   8.0 |   9.2 |   3.9 |   0.0 |   4.3 | 10235.8
        Shoals |   6.8 |   6.7 |   7.1 |   0.0 |   6.5 | 19375.5
   Spider Nest |   9.6 |  10.5 |   6.2 |  25.0 |   7.4 | 21780.0
    Slime Pits |   0.2 |   0.2 |   0.2 |   0.0 |   0.4 | 4855.0
  Orcish Mines |   5.3 |   6.0 |   3.0 |   0.0 |   1.5 | 9002.5
   Elven Halls |   7.6 |   6.9 |  10.6 |   0.0 |   9.9 | 39289.7
        Vaults |  15.6 |  13.4 |  23.5 |  37.5 |  22.4 | 53159.4
         Crypt |   6.7 |   6.0 |   9.3 |   0.0 |  10.0 | 39381.0
        Depths |  15.0 |  13.0 |  22.0 |  37.5 |  24.6 | 72827.0
          Hell |   0.6 |   0.5 |   1.1 |   0.0 |   1.2 | 14184.0
      Ice Cave |   1.1 |   1.1 |   1.3 |   0.0 |   0.9 | 10078.0
       Volcano |   0.9 |   0.9 |   0.9 |   0.0 |   0.6 | 7128.0
    Desolation |   4.0 |   3.6 |   5.4 |   0.0 |   3.4 | 40347.0
      Gauntlet |   0.5 |   0.5 |   0.2 |   0.0 |   0.4 | 4519.0
               +-------+-------+-------+-------+-------+----------------------
